AoeStats
← FiestaParty

Arabia

509139134Analyzed
1v1 RM · 7d ago on Sep 25, 2026· 38m 35s· 2 players
Game mode
Random Map
Map size
Tiny (2 player)
Population
200
Speed
Normal
Resources
Standard
Victory
Conquest
Starting age
Dark Age
Ending age
Imperial Age
RankedLock teamsTeams togetherTeam positionsShared explorationLock speedFull tech treeHidden civsTurbo modeCheats
Victory
Defeat
🇺🇸 Persians · United States
860
+14
🇨🇴 Khitans · Colombia
807
-14
FiestaParty
6:09 Loom
9:03 Feudal Age
9:53 Double-Bit Axe
15:15 Horse Collar
19:46 Castle Age
19:12 Scale Barding Armor
19:18 Forging
19:23 Bloodlines
20:54 Wheelbarrow
21:22 Bow Saw
23:04 Gold Mining
24:52 Chain Barding Armor
27:26 Husbandry
28:07 Elite Skirmisher
29:08 Elite Skirmisher
29:53 Padded Archer Armor
30:31 Iron Casting
31:57 Leather Archer Armor
34:18 Leather Archer Armor
33:55 Fletching
38:08 Thumb Ring
lachanda420
2:46 Loom
12:11 Feudal Age
16:01 Double-Bit Axe
20:24 Castle Age
18:54 Domestication
19:11 Gold Mining
20:37 Padded Archer Armor
20:28 Fletching
20:44 Elite Skirmisher
22:15 Stone Mining
22:02 Crossbowman
23:26 Leather Archer Armor
23:40 Pikeman
26:05 Bodkin Arrow
28:54 Gambesons
29:14 Scale Mail Armor
29:25 Forging
32:46 Squires
Connection lost

Rejoining the realm…

Still unreachable

The connection could not be restored.

Session expired

The server has moved on; the page needs a fresh start.